 Dungeon Crawl Stone Soup version 0.27.1-3-gb3d3a73c9e (webtiles) character file.

Game seed: 9043114086078805348

73 pkoi the Slasher (level 4, -2/39 HPs)
             Began as a Minotaur Fighter on Oct 5, 2021.
             Blown up by Ijyb (25 damage)
             ... with a mindburst bolt
             ... on level 3 of the Dungeon.
             The game lasted 00:01:40 (2406 turns).

pkoi the Slasher (Minotaur Fighter)                 Turns: 2406, Time: 00:01:41

Health: -2/39      AC:  6    Str: 21    XL:     4   Next: 8%
Magic:  3/3        EV:  7    Int:  5    God:
Gold:   64         SH:  9    Dex: 10    Spells: 3/3 levels left

rFire    . . .     SeeInvis .   a - +0 long sword
rCold    . . .     Faith    .   c - +0 kite shield
rNeg     . . .     Spirit   .   b - +0 scale mail
rPois    .         Reflect  .   (helmet restricted)
rElec    .         Harm     .   (no cloak)
rCorr    .         Rampage  .   (no gloves)
Will     .....                  (no boots)
Stlth    ..........             (no amulet)
HPRegen  0.13/turn              (no ring)
MPRegen  0.08/turn              (no ring)

@: no status effects
A: horns 2, retaliatory headbutt
a: no special abilities


You were on level 3 of the Dungeon.
You visited 1 branch of the dungeon, and saw 3 of its levels.

You collected 64 gold pieces.

Inventory:

Hand Weapons
 a - a +0 long sword (weapon)
Armour
 b - a +0 scale mail (worn)
 c - a +0 kite shield (worn)
Jewellery
 g - a ring of fire
Scrolls
 e - 3 scrolls of teleportation {unknown}
 i - 5 scrolls of identify {unknown}
 l - a scroll of noise {unknown}
Potions
 d - a potion of might
 f - a potion of attraction {unknown}
 h - 3 potions of heal wounds {unknown}
 j - a potion of degeneration {unknown}
 k - a potion of curing {unknown}


   Skills:
 - Level 3.6 Fighting
 * Level 4.7 Long Blades
 - Level 3.6 Armour
 + Level 4.4 Shields


You had 3 spell levels left.
You didn't know any spells.
Your spell library was empty.

Dungeon Overview and Level Annotations

Branches:
Dungeon (3/15)

Altars:

Shops:
D:3 (

Annotations:
D:3 Ijyb


Innate Abilities, Weirdness & Mutations

You have a pair of horns on your head.
You reflexively headbutt those who attack you in melee.


Message History

You now have 64 gold pieces (gained 4).
Unknown command.
Unknown command.
The bat completely misses you. You furiously retaliate!
You headbutt the bat!
You kill the bat!
You barely miss the frilled lizard. The frilled lizard barely misses you.
You furiously retaliate!
You headbutt the frilled lizard.
You kill the frilled lizard!
No target in view!
No target in view!
No target in view!
Things that are here:
a +0 dagger; an orc corpse
Found a stone staircase leading up.
There is an entrance to Ocheup's Antique Weapon Shoppe here.
There is an escape hatch in the ceiling here.
Found a scroll labelled GYOPUN JOEC and a spear.
i - 5 scrolls labelled GYOPUN JOEC (gained 1) Ijyb the Twisted Goblin comes into view.
She is wielding a +0 club and carrying a wand of mindburst (18).
Ijyb shouts!
Ijyb is nearby!
Ijyb is nearby!
You hit Ijyb.
Ijyb is lightly wounded.
Ijyb zaps a wand.
Your mind is blasted!
You are too injured to fight recklessly!
You are too injured to fight recklessly!
You are too injured to fight recklessly!
You are too injured to fight recklessly!
You are too injured to fight recklessly!
You are too injured to fight recklessly!
You are too injured to fight recklessly!
You closely miss Ijyb.
Ijyb is lightly wounded.
Ijyb hits you with a +0 club.
You hit Ijyb but do no damage.
Ijyb is lightly wounded.
You block Ijyb's attack.
Ijyb zaps a wand.
Your mind is blasted!
Ouch! That really hurt!
You die...

## .# ##. #.. #.# #. #g###
####. ####### #@..#
.....##.....####...##
.............##8...8#
..........<...##...##
..............##...#
..............##...##
....[.........#8...8#
........########...#### ###
........#8###8##...##8###8###


You could see Ijyb.

Vanquished Creatures
  An adder (D:3)
  3 worms
  2 dart slugs (D:2)
  An orc (D:3)
  5 ball pythons
  2 bats (D:3)
  8 endoplasms
  3 giant cockroaches
  A goblin (D:1)
  5 hobgoblins
  4 kobolds
  2 quokkas
  5 frilled lizards
  5 rats
47 creatures vanquished.

Notes
Turn   | Place    | Note
-------+----------+-------------------------------------------
     0 | D:1      | pkoi the Minotaur Fighter began the quest for the Orb.
     0 | D:1      | Reached XP level 1. HP: 19/19 MP: 0/0
   481 | D:1      | Reached XP level 2. HP: 26/26 MP: 1/1
   498 | D:1      | You fall into a shaft and drop 1 floor!
  1149 | D:1      | Reached XP level 3. HP: 28/31 MP: 2/2
  1310 | D:1      | Found a faded altar of an unknown god.
  2252 | D:3      | Found Ocheup's Antique Weapon Shoppe.
  2261 | D:3      | Reached XP level 4. HP: 28/39 MP: 3/3
  2401 | D:3      | Noticed Ijyb
  2406 | D:3      | Blown up by Ijyb

Illustrated notes

Levels and vault maps discovered:
D:1:      minmay_arrival_open_corners, layout_basic,
          hellmonk_ecumenical_altar_pennies_from_heaven
D:2:      layout_basic, chequers_jeans
D:3:      layout_rooms, serial_shops, shop_statue, serial_corexii_hall,
          corexii_hall_statues_x, chequers_hall_statues_wall_a, uniq_ijyb

Skill      XL: |  1  2  3 |
---------------+----------+-----
Long Blades    | 3 4 |  4.7
Shields        | 4 |  4.4
Fighting       | |  3.6
Armour         | |  3.6

Action                   |  1- 3 |  4- 6 || total
-------------------------+-------+-------++-------
Melee: Long sword        |    94 |     5 ||    99
       Headbutt          |    12 |       ||    12
Armor: Scale mail        |    37 |       ||    37
Dodge: Dodged            |    25 |     2 ||    27
Block: Kite shield       |    43 |     1 ||    44
       Rpst.: Long sword |     7 |       ||     7
